 Dungeon Crawl Stone Soup version 0.28-a0-909-g796cbd3a86 (webtiles) character file.

Game seed: 16054313940319462953

315 Froggeryz the Cudgeller (level 6, 0/37 HPs)
             Began as a Gargoyle Delver on Nov 24, 2021.
             Was an Initiate of Okawaru.
             Splashed by a jelly's acid (7 damage)
             ... on level 4 of the Dungeon.
             The game lasted 00:04:14 (3373 turns).

Froggeryz the Cudgeller (Gargoyle Delver)           Turns: 3373, Time: 00:04:15

Health: 0/37       AC:  2    Str: 18    XL:     6   Next: 43%
Magic:  6/6        EV: 11    Int: 10    God:    Okawaru [......]
Gold:   136        SH:  0    Dex: 11    Spells: 5/5 levels left

rFire   . . .      SeeInvis .   a - +0 mace
rCold   . . .      Faith    .   (no shield)
rNeg    + . .      Spirit   .   m - +0 ring mail
rPois   ∞          Reflect  .   n - +0 helmet
rElec   +          Harm     .   (no cloak)
rCorr   .          Rampage  .   (no gloves)
Will    .....                   (no boots)
Stlth   ++........              (no amulet)
HPRegen 0.12/turn               (no ring)
MPRegen 0.10/turn               (no ring)

@: corroded
A: sickness immunity, AC +4, negative energy resistance 1, electricity
resistance, torment resistance 1, petrification resistance
a: Renounce Religion


You were on level 4 of the Dungeon.
You worshipped Okawaru.
Okawaru was noncommittal.
You visited 1 branch of the dungeon, and saw 5 of its levels.

You collected 136 gold pieces.

Inventory:

Hand Weapons
 a - a +0 mace (weapon)
Missiles
 j - 40 poisoned darts (quivered)
Armour
 m - a +0 ring mail (worn)
 n - a +0 helmet (worn)
 r - a +0 buckler
Wands
 g - a wand of digging (3)
 t - a wand of iceblast (3)
Scrolls
 c - 2 scrolls of fog
 d - a scroll of magic mapping
 e - a scroll of fear
 k - 2 scrolls of noise {unknown}
 l - 2 scrolls of identify {unknown}
 o - 2 scrolls of amnesia {unknown}
 s - a scroll of vulnerability {unknown}
 v - a scroll of brand weapon {unknown}
Potions
 b - a potion of might {unknown}
 f - a potion of haste
 h - a potion of heal wounds {unknown}
 i - 2 potions of flight {unknown}
 p - a potion of mutation {unknown}
 q - 2 potions of invisibility {unknown}
 u - a potion of cancellation {unknown}


   Skills:
 - Level 3.2 Fighting
 * Level 5.5 Maces & Flails
 - Level 2.0 Armour
 - Level 1.5 Dodging
 - Level 5.4 Stealth
 + Level 2.8 Shields


You had 5 spell levels left.
You didn't know any spells.
Your spell library contained the following spells:

 Spells                   Type           Power      Damage    Failure   Level
 Dazzling Flash           Conj/Hex       0%         N/A       89%         3
 Iskenderun's Mystic Bla  Conj/Tloc      0%         2d3       100%        4
 Starburst                Conj/Fire      0%         6d3       100%        6


Dungeon Overview and Level Annotations

Branches:
Dungeon (5/15)             Temple (0/1) D:4

Altars:
Dithmenos
Okawaru
Trog
Xom
The Shining One


Innate Abilities, Weirdness & Mutations

You are immune to sickness and miasma.
Your stone body is resilient. (AC +4)
You are immune to poison.
You resist negative energy. (rN+)
You are resistant to electric shocks. (rElec)
You are resistant to unholy torment.
You are immune to petrification.


Message History

Found 16 arrows.
No target in view!
j - 42 poisoned darts (gained 1)
Found a scroll labelled VAIMUPNE DIUW.
A jelly is nearby!
You see here a scroll labelled VAIMUPNE DIUW.
Throw: 42 darts (poison)
Press: ? - help, Q - select action, (/) - cycle Shift-Dir - straight line, f - jelly
Aim: a jelly (wandering, hasn't noticed you, 89% to hit)
You throw a poisoned dart. The poisoned dart hits the jelly.
Throw: 41 darts (poison)
Press: ? - help, Q - select action, (/) - cycle Shift-Dir - straight line, f/p - jelly
Aim: a jelly (89% to hit)
You throw a poisoned dart. The poisoned dart hits the jelly.
You hit the jelly.
Your hands burn!
The jelly is lightly wounded.
The jelly hits you.
You are splashed with acid!
You hit the jelly but do no damage.
Your hands burn!
The jelly is lightly wounded.
The jelly barely misses you.
You hit the jelly.
Your hands burn!
The jelly is moderately wounded.
The jelly misses you.
You are too injured to fight recklessly!
You are too injured to fight recklessly!
You are too injured to fight recklessly!
You are too injured to fight recklessly!
You barely miss the jelly.
The jelly is moderately wounded.
The jelly hits you but does no damage.
You hit the jelly. The acid corrodes you!
Your hands burn!
The jelly is moderately wounded.
The jelly hits you but does no damage. The jelly barely misses you.
You thump the jelly!
Your hands burn!
* * * LOW HITPOINT WARNING * * *
The jelly is almost dead.
The jelly hits you.
* * * LOW HITPOINT WARNING * * *
The acid corrodes you!
You are splashed with acid!
You die...

#.# #(# #.# #(# #.
##.## ##.# ... #
.... #J# .#
#.#.###@##..#
#......?....#
###.#.#.##..###
#####.#.#.##....#
..............#.#
...##.#.###...#.#
..............#.###
...##.#.#.#........
...^..........#


You could see a jelly.

Vanquished Creatures
  An ogre (D:3)
  A jelly (D:4)
  An orc priest (D:4)
  Terence (D:2)
  4 gnolls
  4 adders
  A worm (D:5)
  11 orcs
  2 endoplasms
  2 giant cockroaches
  5 goblins
  3 hobgoblins
  6 kobolds
  2 quokkas
  4 ball pythons
  2 bats
  5 frilled lizards
  5 rats
60 creatures vanquished.

Notes
Turn   | Place    | Note
-------+----------+-------------------------------------------
     0 | D:5      | Froggeryz the Gargoyle Delver began the quest for the Orb.
     0 | D:5      | Reached XP level 1. HP: 14/14 MP: 1/1
   169 | D:5      | Noticed a gnoll sergeant
   234 | D:2      | Reached XP level 2. HP: 16/19 MP: 2/2
   304 | D:2      | Reached skill level 1 in Armour
   656 | D:1      | Reached XP level 3. HP: 23/23 MP: 3/3
  1016 | D:1      | Found a faded altar of an unknown god.
  1420 | D:2      | Found a glowing golden altar of the Shining One.
  1428 | D:2      | Noticed Terence
  1445 | D:2      | Killed Terence
  1446 | D:2      | Reached XP level 4. HP: 28/28 MP: 4/4
  1721 | D:3      | Noticed an ogre
  1863 | D:3      | Reached skill level 1 in Shields
  1880 | D:3      | Found a shadowy altar of Dithmenos.
  1897 | D:3      | Reached XP level 5. HP: 20/32 MP: 5/5
  2024 | D:3      | Found a shimmering altar of Xom.
  2333 | D:4      | Noticed a phantom
  2635 | D:3      | Found a bloodstained altar of Trog.
  2635 | D:3      | Found an iron altar of Okawaru.
  2647 | D:3      | Became a worshipper of Warmaster Okawaru
  2887 | D:3      | Killed an ogre
  2888 | D:3      | Reached skill level 5 in Maces & Flails
  2888 | D:3      | Reached XP level 6. HP: 37/37 MP: 6/6
  2973 | D:4      | Found a staircase to the Ecumenical Temple.
  3373 | D:4      | Splashed by a jelly's acid

Illustrated notes

Levels and vault maps discovered:
D:1:      kennysheep_arrival_forest, layout_basic, ebering_ecumenical_altar_webs
D:2:      layout_rooms, basic_altar, uniq_terence
D:3:      layout_rooms, grunt_temple_overflow_bloody_war,
          mainiacjoe_overflow_large_starburst
D:4:      layout_basic, minmay_temple_entry_mist, ebering_ghost_disaster_area,
          st_stairs_3
D:5:      layout_basic, mainiacjoe_overflow_catwalk_spiral,
          gup_sewer_entry_glass, lightli_corner_chamber

Skill      XL: |  1  2  3  4  5 |
---------------+----------------+-----
Armour         | 1 2 |  2.0
Maces & Flails | 3 4 5 |  5.5
Shields        | 1 2 |  2.8
Fighting       | |  3.2
Dodging        | |  1.5
Stealth        | |  5.4

Action                   |  1- 3 |  4- 6 || total
-------------------------+-------+-------++-------
Melee: Mace              |    52 |   146 ||   198
Throw: Dart              |     6 |    29 ||    35
 Stab: Sleeping          |     5 |     2 ||     7
Armor: Leather armour    |     7 |       ||     7
       Ring mail         |    14 |    62 ||    76
Dodge: Dodged            |    25 |    89 ||   114

Table legend: (Time is in decaauts)
 A = Elapsed time spent in this place.
 B = Non-inter-level travel time spent in this place.
 C = Inter-level travel time spent in this place.
 D = Time resting spent in this place.
 E = Time spent auto-exploring this place.
 F = Levels seen in this place.
 G = Mean time per level.
                   A        B        C        D        E       F      G
               +--------+--------+--------+--------+--------+-----+--------+
         Total |   3420 |   3329 |     91 |    836 |   1712 |   5 |  684.0 |
       Dungeon |   3420 |   3329 |     91 |    836 |   1712 |   5 |  684.0 |
               +--------+--------+--------+--------+--------+-----+--------+

Top non-repeatable levels by time:
     D:2: 1011 daAuts
     D:1: 883 daAuts
     D:3: 837 daAuts
     D:4: 505 daAuts
     D:5: 183 daAuts
